 Dungeon Crawl Stone Soup version 0.31.0-32-g396128a36d (webtiles) character file.

Game seed: 7280570397007621246

135 PaiMei the Grave Robber (level 4, -1/33 HPs)
             Began as a Demonspawn Necromancer on Mar 29, 2024.
             Slain by a water moccasin zombie (4 damage)
             ... on level 3 of the Dungeon.
             The game lasted 00:04:15 (2743 turns).

PaiMei the Grave Robber (Demonspawn Necromancer)    Turns: 2743, Time: 00:04:15

Health: -1/33      AC:  1    Str:  8    XL:     4   Next: 97%
Magic:  8/8        EV: 14    Int: 18    God:
Gold:   123        SH:  0    Dex: 11    Spells: 4/8 levels left

rFire   . . .        l - +3 dagger
rCold   . . .        (no shield)
rNeg    . . .        a - +0 robe
rPois   .            (no helmet)
rElec   .            (no cloak)
rCorr   .            (no gloves)
SInv    .            (no boots)
Will    .....        f - amulet of the acrobat
Stlth   ++           (no ring)
HPRegen 0.25/turn    (no ring)
MPRegen 0.11/turn

%: acrobat
@: no status effects
A: repulsion field 1, clumsy 1, deformed body, robust 1
a: no special abilities


You were on level 3 of the Dungeon.
You visited 1 branch of the dungeon, and saw 3 of its levels.

You collected 123 gold pieces.

Inventory:

Hand Weapons
 c - a +0 whip
 g - a +0 rapier
 j - a +0 dagger of freezing
 l - a +3 dagger (weapon)
Missiles
 d - 2 javelins
 i - 3 poisoned darts (quivered)
Armour
 a - a +0 robe (worn)
Jewellery
 f - an amulet of the acrobat (around neck)
Wands
 p - a wand of roots (8)
Scrolls
 e - 4 scrolls of teleportation {unknown}
 h - a scroll of identify {unknown}
 o - a scroll of noise {unknown}
 q - a scroll of amnesia {unknown}
Potions
 b - a potion of magic
 m - a potion of lignification {unknown}
 n - a potion of berserk rage {unknown}


   Skills:
 + Level 2.8 Dodging
 + Level 2.9 Stealth
 + Level 2.9 Spellcasting
 + Level 5.1 Necromancy


You had 4 spell levels left.
You knew the following spells:

 Your Spells              Type           Power      Damage    Failure   Level
a - Necrotise             Necr           84%        1d8       1%          1
b - Vampiric Draining     Necr           21%        2d7       6%          3

Your spell library contained the following spells:

 Spells                   Type           Power      Damage    Failure   Level
 Slow                     Hex            8%         N/A       17%         1
 Animate Dead             Necr           21%        N/A       21%         4
 Confusing Touch          Hex            2%         N/A       45%         3
 Sigil of Binding         Hex            2%         N/A       45%         3
 Curse of Agony           Necr           21%        N/A       50%         5


Dungeon Overview and Level Annotations

Branches:
Dungeon (3/15)

Altars:


Innate Abilities, Weirdness & Mutations

You are surrounded by a mild repulsion field. (EV +2)
You are clumsy. (Dex -2)
Armour fits poorly on your strangely shaped body.
You are robust. (+10% HP)


Message History

The water moccasin zombie is lightly damaged.
The water moccasin zombie misses you.
You hit the water moccasin zombie.
The water moccasin zombie is moderately damaged.
The water moccasin zombie bites you.
You puncture the water moccasin zombie!
The water moccasin zombie is moderately damaged.
The water moccasin zombie closely misses you.
The water moccasin zombie bites you!
You hit the water moccasin zombie.
The water moccasin zombie is heavily damaged.
The water moccasin zombie bites you.
You hit the water moccasin zombie.
The water moccasin zombie is severely damaged.
The water moccasin zombie misses you.
You hit the water moccasin zombie but do no damage.
The water moccasin zombie is severely damaged.
The water moccasin zombie barely misses you.
You hit the water moccasin zombie.
The water moccasin zombie is severely damaged.
The water moccasin zombie barely misses you.
You hit the water moccasin zombie.
The water moccasin zombie is severely damaged.
The water moccasin zombie bites you!
* * * LOW HITPOINT WARNING * * *
The water moccasin zombie misses you.
You hit the water moccasin zombie.
The water moccasin zombie is almost destroyed.
The water moccasin zombie bites you but does no damage.
You barely miss the water moccasin zombie.
The water moccasin zombie is almost destroyed.
The water moccasin zombie misses you.
You completely miss the water moccasin zombie.
The water moccasin zombie is almost destroyed.
The water moccasin zombie bites you.
* * * LOW HITPOINT WARNING * * *
It was a potion of mutation.
You feel extremely strange.
Your body twists and deforms.
You feel robust.
You feel clumsy. The water moccasin zombie bites you.
You die...

.#...........####.........)<..#
......≈..............#........#
.#....≈......####....#.##.....#
.#.###≈..~#### #.##..........#
...###≈.... #......########
.###..≈....# ##.######
.###.#≈..#.# #.......#
......≈.##.# #.....#
####.#####.#####@#.
####..........##Z#
..##.......##.##.#
#...........#.##.#####.#
..##.####.#.#..8.......#
.###.####.....#..8..#### .#
#......#.#>#.88.## ##
########.....8..# ...#####
##.......#


You could see a water moccasin zombie.

Vanquished Creatures
  Natasha (twice) (D:3)
  An adder (D:2)
  An adder skeleton (D:3)
  A ribbon worm (D:2)
  4 orcs (D:3)
  6 endoplasms
  A giant cockroach (D:3)
  2 goblins
  5 hobgoblins
  9 jackals
  6 kobolds
  2 quokkas
  5 ball pythons
  2 ball python skeletons (D:3)
  6 bats
  A frilled lizard (D:2)
  A jackal skeleton (D:3)
  A jackal zombie (D:3)
  A quokka zombie (D:3)
  5 rats
62 creatures vanquished.

Vanquished Creatures (collateral kills)
  An endoplasm (D:3)
  A jackal (D:1)
2 creatures vanquished.

Grand Total: 64 creatures vanquished

Notes
Turn   | Place    | Note
-------+----------+-------------------------------------------
     0 | D:1      | PaiMei the Demonspawn Necromancer began the quest for the
                  | Orb.
     0 | D:1      | Reached XP level 1. HP: 13/13 MP: 3/3
   292 | D:1      | Gained mutation: You are surrounded by a mild repulsion
                  | field. (EV +2) [demonic ancestry]
   292 | D:1      | Reached XP level 2. HP: 19/19 MP: 1/5
  1137 | D:2      | Reached XP level 3. HP: 24/24 MP: 0/6
  1141 | D:2      | Learned a level 3 spell: Vampiric Draining
  2089 | D:3      | Reached XP level 4. HP: 13/30 MP: 1/7
  2379 | D:3      | Noticed Natasha
  2392 | D:3      | Killed Natasha
  2393 | D:3      | Reached skill level 5 in Necromancy
  2665 | D:3      | Noticed Natasha
  2669 | D:3      | Killed Natasha
  2743 | D:3      | Gained mutation: Armour fits poorly on your strangely
                  | shaped body. [potion of mutation]
  2743 | D:3      | Gained mutation: You are robust. (+10% HP) [potion of
                  | mutation]
  2743 | D:3      | Gained mutation: You are clumsy. (Dex -2) [potion of
                  | mutation]
  2743 | D:3      | Slain by a water moccasin zombie

Illustrated notes

Levels and vault maps discovered:
D:1:      dpeg_arrival_boxorama, layout_loops_ring
D:2:      layout_loops_ring, chequers_serial_rivers_micro_a,
          serial_bayou_pond_e, st_stairs_9
D:3:      layout_loops_cross, serial_undead, serial_undead_b, serial_undead_c,
          serial_undead_a, serial_undead_d, serial_undead_b, serial_undead_c,
          chequers_serial_rivers_micro_e, uniq_natasha

Skill      XL: |  1  2  3  4 |
---------------+-------------+-----
Dodging        | 2 |  2.8
Stealth        | 2 |  2.9
Necromancy     | 5 |  5.1
Spellcasting   | |  2.9

Action                     |  1- 3 |  4- 6 || total
---------------------------+-------+-------++-------
  Melee: Whip              |     7 |       ||     7
         Rapier            |     3 |       ||     3
         Dagger            |    19 |    38 ||    57
   Cast: Necrotise         |    79 |    17 ||    96
    Use: Potion            |       |     1 ||     1
   Stab: Sleeping          |       |     1 ||     1
 Armour: Robe              |    31 |    16 ||    47
  Dodge: Dodged            |    36 |    38 ||    74
